 Dungeon Crawl Stone Soup version 0.28.0-43-g3370ac3207 (webtiles) character file.

Game seed: 369030863956326426

1430 crimpus the Cudgeller (level 8, -1/60 (66) HPs)
             Began as a Demigod Fighter on Mar 11, 2022.
             Succumbed to a wight's poison
             ... on level 7 of the Dungeon.
             The game lasted 00:10:04 (9308 turns).

crimpus the Cudgeller (Demigod Fighter)             Turns: 9308, Time: 00:10:05

HP:   -1/60 (66)    AC: 17    Str: 25    XL:     8   Next: 21%
MP:   1/10          EV:  7    Int: 10    God:
Gold: 299           SH:  5    Dex: 13    Spells: 7/7 levels left

rFire   . . .      SeeInvis .   u - +3 mace
rCold   . . .      Faith    .   c - +0 buckler
rNeg    . . .      Spirit   +   o - +0 plate armour
rPois   .          Reflect  .   r - +1 helmet
rElec   .          Harm     .   h - +0 cloak
rCorr   .          Rampage  .   (no gloves)
Will    .....                   n - +0 pair of boots
Stlth   ..........              q - amulet of guardian spirit
HPRegen 0.20/turn               (no ring)
MPRegen 0.12/turn               (no ring)

@: lethally poisoned (-1 -> -13), drained
A: high MP 1, forlorn, divine attributes
a: no special abilities


You were on level 7 of the Dungeon.
You visited 1 branch of the dungeon, and saw 8 of its levels.

You collected 299 gold pieces.

Inventory:

Hand Weapons
 u - a +3 mace (weapon)
Armour
 c - a +0 buckler (worn)
 h - a +0 cloak (worn)
 n - a +0 pair of boots (worn)
 o - a +0 plate armour (worn)
 r - a +1 helmet (worn)
Jewellery
 q - an amulet of guardian spirit (around neck)
Wands
 b - a wand of polymorph (6)
 p - a wand of acid (10)
 s - a wand of flame (7)
 t - a wand of iceblast (8)
Scrolls
 d - a scroll of silence
 g - 3 scrolls of amnesia
 j - 5 scrolls of teleportation
 k - 2 scrolls of enchant armour
 l - 3 scrolls of identify
 m - 4 scrolls of blinking
Potions
 e - a potion of brilliance
 i - 2 potions of curing
 v - a potion of lignification


   Skills:
 + Level 4.0 Fighting
 + Level 6.4 Maces & Flails
 + Level 5.9 Armour
 + Level 2.0 Dodging
 + Level 1.5 Stealth
 + Level 3.8 Shields


You had 7 spell levels left.
You didn't know any spells.
Your spell library contained the following spells:

 Spells                   Type           Power      Damage    Failure   Level
 Animate Skeleton         Necr           0%         N/A       100%        1
 Pain                     Necr           0%         1d4       100%        1
 Wereblood                Tmut           0%         N/A       100%        2
 Inner Flame              Hex/Fire       0%         N/A       100%        3
 Vampiric Draining        Necr           0%         2d6       100%        3
 Cause Fear               Hex            0%         N/A       100%        4
 Alistair's Intoxication  Tmut/Pois      0%         N/A       100%        5
 Discord                  Hex            0%         N/A       100%        8
 Necromutation            Tmut/Necr      0%         N/A       100%        8


Dungeon Overview and Level Annotations

Branches:
Dungeon (8/15)             Temple (0/1) D:5
   Lair: D:8-11

Shops:
D:1 *(!?

Annotations:
D:8 Maurice


Innate Abilities, Weirdness & Mutations

You have an increased reservoir of magic. (+10% MP)
You shall have no god before yourself.
Your divine heritage dramatically boosts your attributes as you level up.


Message History

The wight is heavily damaged.
You feel very sick.
The wight hits you with a +2 battleaxe of venom!
* * * LOW HITPOINT WARNING * * *
You are more poisoned.
You barely miss the wight.
The wight is heavily damaged.
* * * LOW HITPOINT WARNING * * *
You feel very sick.
The wight hits you with a +2 battleaxe of venom!
* * * LOW HITPOINT WARNING * * *
You feel drained.
You are more poisoned.
You feel much better.
You feel very sick. You block the wight's attack.
You sock the wight!
The wight is almost destroyed.
You feel very sick. The wight hits you but does no damage.
You are lethally poisoned!
You barely miss the wight.
The wight is almost destroyed.
* * * LOW HITPOINT WARNING * * *
You feel extremely sick. The wight closely misses you.
You feel better.
The wight hits you with a +2 battleaxe of venom!
* * * LOW HITPOINT WARNING * * *
You feel drained.
* * * LOW HITPOINT WARNING * * *
You are lethally poisoned!
You closely miss the wight.
The wight is almost destroyed.
* * * LOW HITPOINT WARNING * * *
You feel very sick. You block the wight's attack.
You hit the wight but do no damage.
The wight is almost destroyed.
You die...

#)#####...........
#.#...+...........
#.#.#.#...........
#.#.#.............
#.#...............
#.#....#>.........
#..<...K.#.####...
#################..#.# #.[.
.........)z@.........####...
###.....)########...........
#.....?# ##..........
#....................#####
#......#......######.#
#......#...... #.# #......#
..... ..# #......# ...[. ..#
##+##### .... ...#


You could see a wight.

Vanquished Creatures
  An ice beast (D:6)
  A centaur (D:6)
  A phantom (D:6)
  A water moccasin zombie (D:6)
  A bullfrog (D:6)
  Dowan (D:7)
  7 wights
  2 howler monkeys
  3 jellies
  2 hounds
  An orc priest (D:6)
  2 orc wizards (D:6)
  Natasha (thrice) (D:2)
  3 iguanas
  A killer bee zombie (D:7)
  5 gnolls
  3 adders
  A shadow imp (D:6)
  5 dart slugs
  6 orcs
  7 bats
  4 endoplasms
  2 giant cockroaches
  8 hobgoblins
  7 jackals (D:1)
  3 quokkas
  5 ball pythons
  4 frilled lizards
  7 goblins
  6 kobolds
  A quokka skeleton (D:4)
  6 rats
110 creatures vanquished.

Vanquished Creatures (others)
  Duvessa (D:7)
1 creature vanquished.

Grand Total: 111 creatures vanquished

Notes
Turn   | Place    | Note
-------+----------+-------------------------------------------
     0 | D:1      | crimpus the Demigod Fighter began the quest for the Orb.
     0 | D:1      | Reached XP level 1. HP: 18/18 MP: 3/3
    49 | D:1      | Found Joammiv's Assorted Antiques.
   252 | D:1      | Reached XP level 2. HP: 6/25 MP: 4/4
   689 | D:1      | Found Ligupolie's Antique Weapon Shop.
   725 | D:1      | Found Wecrai's Distillery.
   726 | D:1      | Found Tomiz's Magic Scroll Shoppe.
   828 | D:1      | Reached skill level 2 in Maces & Flails
   920 | D:1      | Reached XP level 3. HP: 23/31 MP: 5/5
  1579 | D:2      | Noticed Natasha
  1590 | D:2      | Killed Natasha
  2492 | D:2      | Reached XP level 4. HP: 34/38 MP: 6/6
  2569 | D:2      | Reached skill level 1 in Dodging
  2749 | D:2      | Noticed Natasha
  2753 | D:2      | Killed Natasha
  2893 | D:2      | Noticed Natasha
  2907 | D:2      | Killed Natasha
  2908 | D:2      | Reached skill level 3 in Maces & Flails
  3675 | D:3      | Got the Guide on Moulding
  3743 | D:3      | Reached XP level 5. HP: 38/45 MP: 7/7
  5280 | D:4      | Reached skill level 4 in Maces & Flails
  5280 | D:4      | Reached XP level 6. HP: 30/51 MP: 3/8
  5933 | D:5      | Entered Level 5 of the Dungeon
  7130 | D:5      | Found a staircase to the Ecumenical Temple.
  7711 | D:6      | Reached skill level 5 in Armour
  7711 | D:6      | Reached XP level 7. HP: 55/57 MP: 7/9
  7896 | D:6      | Reached skill level 5 in Maces & Flails
  8684 | D:7      | Noticed Duvessa
  8685 | D:7      | Noticed Dowan
  8705 | D:7      | Killed Duvessa
  8706 | D:7      | Reached skill level 6 in Maces & Flails
  8714 | D:7      | Killed Dowan
  8715 | D:7      | Reached skill level 1 in Stealth
  8715 | D:7      | Reached XP level 8. HP: 52/66 MP: 7/10
  8895 | D:7      | You fall into a shaft and drop 1 floor!
  8904 | D:8      | Noticed Maurice
  9302 | D:7      | HP: 1/63 [wight/+2 battleaxe of venom (4)]
  9307 | D:7      | HP: 1/60 [poisoned by a wight]
  9308 | D:7      | Succumbed to a wight's poison

Illustrated notes

Levels and vault maps discovered:
D:1:      psy_arrival_terrarium, layout_loops_ring, serial_shops, shop,
          shop_fountains, shop_fountains, shop
D:2:      layout_basic, kennysheep_generic_room_12, uniq_natasha
D:3:      layout_basic, mainiacjoe_overflow_catwalk
D:4:      layout_loops_ring, kennysheep_cross_bottleneck,
          kennysheep_opposing_triangles
D:5:      layout_basic, lemuel_temple_firewalk_a
D:6:      layout_loops_ring, trog_three_pillars_becter,
          nicolae_qazlal_eye_of_the_storm, st_stairs_12
D:7:      layout_basic, uniq_duvessa
D:8:      layout_cave_pools, uniq_joseph, uniq_prince_ribbit1, uniq_maurice

Skill      XL: |  1  2  3  4  5  6  7  8 |
---------------+-------------------------+-----
Armour         | 3 4 5 |  5.9
Fighting       | 3 4 |  4.0
Maces & Flails | 2 3 4 6 |  6.4
Shields        | 3 |  3.8
Dodging        | 1 2 |  2.0
Stealth        | 1 |  1.5

Action                   |  1- 3 |  4- 6 |  7- 9 || total
-------------------------+-------+-------+-------++-------
Melee: Flail             |   134 |   171 |   131 ||   436
       Mace              |       |       |    14 ||    14
Throw: Throwing net      |       |       |     1 ||     1
  Use: Potion            |       |     6 |     3 ||     9
       Scroll            |       |     7 |       ||     7
 Stab: Invisible         |       |       |     3 ||     3
       Held in net/web   |       |       |     1 ||     1
Armor: Scale mail        |    79 |    49 |       ||   128
       Chain mail        |       |    22 |       ||    22
       Plate armour      |       |     9 |    93 ||   102
Dodge: Dodged            |    71 |    68 |    43 ||   182
Block: Buckler           |    33 |    33 |    33 ||    99
